 Dungeon Crawl Stone Soup version 0.22-a0-283-g1871b15 (webtiles) character file.

14968 b5mith the Fencer (level 11, -30/99 HPs)
             Began as a Minotaur Berserker on Mar 18, 2018.
             Was a High Priest of Trog.
             Killed from afar by Harold (67 damage)
             ... with a bolt of fire
             ... on level 11 of the Dungeon.
             The game lasted 00:26:08 (9814 turns).

b5mith the Fencer (Minotaur Berserker)              Turns: 9814, Time: 00:26:09

Health: -30/99     AC: 15    Str: 24    XL:     11   Next: 95%
Magic:  10/10      EV: 27    Int:  4    God:    Trog [*****.]
Gold:   310        SH:  0    Dex: 11    Spells: 10/10 levels left

rFire    x . .     SeeInvis .   B - +13 Maxwell's thermic engine {flame, freeze, rF- rC-}
rCold    x . .     Gourm    .   (no shield)
rNeg     + . .     Faith    .   F - +0 chain mail {rPois}
rPois    +         Spirit   .   (helmet restricted)
rElec    .         Reflect  .   H - +0 cloak
rCorr    .         Harm     .   E - +0 pair of gloves
MR       .....                  T - +0 pair of boots
Stlth    ..........             f - amulet of the acrobat
HPRegen  0.26/turn              U - ring of positive energy
MPRegen  0.12/turn              k - ring of stealth

@: no status effects
A: retaliatory headbutt, horns 2
a: Berserk, Trog's Hand, Brothers in Arms, Renounce Religion


You were on level 11 of the Dungeon.
You worshipped Trog.
Trog was extremely pleased with you.
You were not hungry.

You visited 1 branch of the dungeon, and saw 11 of its levels.
You also visited: Sewer.

You collected 630 gold pieces.
You spent 320 gold pieces at shops.

Inventory:

Hand Weapons
 x - a +0 flail of protection
 B - the +13 Maxwell's thermic engine (weapon) {flame, freeze, rF- rC-}
   (You found it in a sewer)

   It has been specially enchanted to burn those struck by it, causing extra
   injury to most foes and up to half again as much damage against particularly
   susceptible opponents.
   Big, fiery blades are also staple armaments of hydra-hunters.
   It makes you vulnerable to fire.
   It makes you vulnerable to cold.
 M - the cursed +3 morningstar "Kockeoci" {vamp, rElec Str-4 Int+4 SInv, unknown}
   (You found it on level 8 of the Dungeon)

   It inflicts no extra harm, but heals its wielder when it wounds a living foe.
   It affects your strength (-4).
   It affects your intelligence (+4).
   It insulates you from electricity.
   It lets you see invisible.
   It has a curse placed upon it.
Missiles
 h - 8 exploding tomahawks (quivered)
 o - 18 tomahawks
 G - 5 javelins
Armour
 b - a +0 animal skin
 E - a +0 pair of gloves (worn)
 F - a +0 chain mail of poison resistance (worn)
 H - a +0 cloak (worn)
 T - a +0 pair of boots (worn)
Jewellery
 e - an uncursed ring of poison resistance
 f - an amulet of the acrobat (around neck)
 k - a ring of stealth (right hand)
 t - an uncursed ring of ice
 w - a cursed amulet of inaccuracy
 I - an uncursed amulet of faith
 U - a ring of positive energy (left hand)
Wands
 l - a wand of random effects (13)
 y - a wand of acid (6)
 z - a wand of polymorph (9)
 O - a wand of clouds (2)
 P - a wand of enslavement (14)
 R - a wand of digging (19)
Scrolls
 d - 4 scrolls of teleportation
 i - 3 scrolls of remove curse {@r2}
 j - 6 scrolls of fear
 n - a scroll of immolation {unknown}
 q - 2 scrolls of blinking
 s - a scroll of amnesia {unknown}
 D - 2 scrolls of magic mapping
 J - a scroll of random uselessness {unknown}
 Q - a scroll of enchant armour {unknown}
 S - 2 scrolls of identify {@r1}
 V - a scroll of enchant weapon {unknown}
 W - a scroll of noise {unknown}
Potions
 a - a potion of might {unknown}
 g - 3 potions of mutation
 m - 3 potions of berserk rage
 p - 5 potions of curing {@q1}
 r - 3 potions of haste
 u - 6 potions of flight
 v - 2 potions of lignification
 A - 2 potions of agility {unknown}
 C - a potion of degeneration {unknown}
 K - a potion of invisibility {unknown}
 L - 3 potions of resistance
 N - 2 potions of heal wounds {unknown}
Comestibles
 c - 22 rations
 X - 11 chunks of flesh


   Skills:
 - Level 9.9 Fighting
 * Level 15.9 Long Blades
 - Level 4.7 Maces & Flails
 - Level 9.4 Armour
 - Level 8.7 Dodging


You had 10 spell levels left.
You didn't know any spells.

Dungeon Overview and Level Annotations

Branches:
Dungeon (11/15)            Temple (0/1) D:4            Lair (0/6) D:8
    Orc: D:9-12

Altars:
Ashenzari
Hepliaklqana
Makhleb
Okawaru
Qazlal
Uskayaw
Vehumet
Wu Jian
Zin

Shops:
D:9 !

Annotations:
D:11 Harold


Innate Abilities, Weirdness & Mutations

You reflexively headbutt those who attack you in melee.
You have a pair of horns on your head.


Message History

You headbutt the yak, but do no damage.
The yak is heavily wounded.
Harold points at you and mumbles some strange words.
The bolt of fire hits the kobold.
The kobold dies!
The bolt of fire hits you! The fire burns you terribly!
* * * LOW HITPOINT WARNING * * *
The yak closely misses you.
You riposte.
You hit the yak. You burn the yak. You freeze the yak. You headbutt the yak!
The yak is almost dead.
The kobold throws a stone.
The stone barely misses you.
You are too injured to fight recklessly!
Unknown command.
You are too injured to fight recklessly!
Unknown command.
You are too injured to fight recklessly!
Harold points at you and mumbles some strange words.
The bolt of fire hits you! The fire burns you terribly!
Ouch! That really hurt!
You die...

##.# ###'### #.#
#.....### ########.#
#.....'.#
.........########.....#..
#######.........+.....###
##.###### #.....# #.#
####### #†# #@# #)#
#....KY))..# #.....K@K..#
#.>........# #..........#
#..........# '..........#
#..........'


You could see Harold, a yak, a big kobold and a kobold.

Vanquished Creatures
  Gastronok (D:8)
  A hydra (D:11)
  The ghost of Caerwyn the Protected, a journeyman GnWn of Okawaru (D:11)
  The ghost of Caerwyn the Reanimator, a journeyman GnNe of Cheibriados (D:10)
  The ghost of Caerwyn the Archer, a novice CeHu of Okawaru (D:9)
  3 two-headed ogres
  A centaur zombie (D:11)
  2 trolls (D:11)
  2 hippogriffs
  Sigmund (D:5)
  The ghost of b5mith the Conjurer, an amateur DECj of Sif Muna (D:4)
  11 yaks
  A spriggan (D:7)
  A wyvern (D:11)
  Eustachio (D:6)
  A water moccasin (D:9)
  2 orc warriors (D:11)
  3 sky beasts
  2 necrophages
  A phantom (D:11)
  4 ice beasts
  A black bear (D:11)
  6 centaurs
  14 big kobolds
  7 bullfrogs
  2 gnoll sergeants (D:10)
  A water moccasin zombie (D:9)
  A scorpion (D:9)
  12 killer bees (D:10)
  5 wights (D:10)
  A bullfrog zombie (D:3)
  4 crimson imps
  A howler monkey (D:10)
  2 jellies
  2 hounds (D:4)
  A bullfrog skeleton (D:5)
  4 orc priests
  Crazy Yiuf (D:6)
  An iguana (D:9)
  6 orc wizards
  7 worker ants
  Ijyb (D:5)
  A hound skeleton (D:3)
  A howler monkey zombie (D:5)
  15 gnolls
  15 adders
  3 shadow imps
  2 oozes (D:3)
  3 worms
  7 leopard geckos
  26 orcs
  11 giant cockroaches
  6 hobgoblins
  7 jackals
  3 quokkas
  7 ball pythons
  8 bats
  7 frilled lizards
  8 goblins
  A jackal zombie (D:5)
  28 kobolds
  A quokka skeleton (D:6)
  7 rats
289 creatures vanquished.

Vanquished Creatures (others)
  A kobold (D:11)
1 creature vanquished.

Grand Total: 290 creatures vanquished

Notes
Turn   | Place    | Note
-------+----------+-------------------------------------------
     0 | D:1      | b5mith the Minotaur Berserker began the quest for the Orb.
     0 | D:1      | Reached XP level 1. HP: 19/19 MP: 0/0
     2 | D:1      | Noticed a felid
     2 | D:1      | Noticed a troll
     4 | D:1      | Noticed a dwarf
     4 | D:1      | Noticed a draconian
     6 | D:1      | Noticed a centaur
     8 | D:1      | Noticed a formicid
     8 | D:1      | Noticed an octopode
    10 | D:1      | Noticed a halfling
    12 | D:1      | Noticed a human
    12 | D:1      | Noticed a minotaur
    14 | D:1      | Noticed a ghoul
    14 | D:1      | Noticed a tengu
    16 | D:1      | Noticed a gargoyle
    16 | D:1      | Noticed an ogre
    18 | D:1      | Noticed a demonspawn
    18 | D:1      | Noticed a demigod
    20 | D:1      | Noticed a merfolk
    20 | D:1      | Noticed a vine stalker
    22 | D:1      | Noticed a vampire
    22 | D:1      | Noticed an elf
    24 | D:1      | Noticed a spriggan
    24 | D:1      | Noticed a naga
    77 | D:1      | Reached XP level 2. HP: 26/27 MP: 1/1
   106 | D:1      | Reached skill level 1 in Maces & Flails
   797 | D:2      | Reached XP level 3. HP: 33/33 MP: 2/2
   808 | D:2      | Found a faded altar of an unknown god.
  1205 | D:2      | Reached XP level 4. HP: 37/41 MP: 3/3
  1207 | D:2      | Reached ** piety under Trog
  1930 | D:3      | Noticed a bullfrog
  1935 | D:3      | Killed a bullfrog
  1935 | D:3      | Reached XP level 5. HP: 38/47 MP: 4/4
  2070 | D:3      | Reached skill level 5 in Fighting
  2334 | D:4      | Reached XP level 6. HP: 55/56 MP: 5/5
  2502 | D:4      | Found a staircase to the Ecumenical Temple.
  2513 | D:4      | Noticed b5mith's ghost (amateur DECj)
  2526 | D:4      | Killed b5mith's ghost
  2744 | D:4      | Reached *** piety under Trog
  2744 | D:4      | Reached XP level 7. HP: 62/62 MP: 6/6
  2981 | D:5      | Entered Level 5 of the Dungeon
  3025 | D:5      | Found a glowing drain.
  3057 | D:5      | Reached skill level 5 in Armour
  3079 | D:5      | Found a shattered altar of Ashenzari.
  3106 | Sewer    | Entered a sewer
  3292 | Sewer    | Found the +2 Maxwell's thermic engine {flame, freeze, rF- rC-}
  3333 | Sewer    | Reached skill level 5 in Dodging
  3576 | D:5      | Noticed Ijyb
  3590 | D:5      | Killed Ijyb
  3616 | D:5      | Reached skill level 4 in Long Blades
  3842 | D:5      | Reached XP level 8. HP: 71/71 MP: 7/7
  3886 | D:5      | Reached skill level 5 in Long Blades
  3972 | D:5      | Found a radiant altar of Vehumet.
  3981 | D:5      | Found a hazy altar of Hepliaklqana.
  3986 | D:5      | Found a stormy altar of Qazlal.
  4022 | D:5      | Noticed Sigmund
  4031 | D:5      | Killed Sigmund
  4031 | D:5      | Reached **** piety under Trog
  4252 | D:6      | Noticed Eustachio
  4264 | D:6      | Killed Eustachio
  4264 | D:6      | Reached skill level 6 in Long Blades
  4520 | D:6      | Found a runed door.
  4644 | D:6      | Found an ornate altar of the Wu Jian Council.
  4893 | D:6      | Reached skill level 7 in Long Blades
  5079 | D:6      | Noticed Crazy Yiuf
  5082 | D:6      | Killed Crazy Yiuf
  5136 | D:7      | Reached XP level 9. HP: 79/79 MP: 8/8
  5310 | D:7      | Found a burning altar of Makhleb.
  5310 | D:7      | Found an iron altar of Okawaru.
  5312 | D:7      | Found a shattered altar of Ashenzari.
  5312 | D:7      | Found a glowing silver altar of Zin.
  5316 | D:7      | Found a hide-covered altar of Uskayaw.
  5933 | D:8      | Found a staircase to the Lair.
  5933 | D:8      | Noticed Gastronok
  5941 | D:8      | Killed Gastronok
  5941 | D:8      | Reached skill level 9 in Long Blades
  6041 | D:8      | Got a jewelled morningstar
  6183 | D:8      | Reached XP level 10. HP: 78/90 MP: 9/9
  7049 | D:9      | Reached skill level 10 in Long Blades
  7100 | D:9      | Noticed a two-headed ogre
  7108 | D:9      | Killed a two-headed ogre
  7157 | D:9      | Noticed Caerwyn's ghost (novice CeHu)
  7167 | D:9      | Killed Caerwyn's ghost
  7465 | D:9      | Noticed a two-headed ogre
  7472 | D:9      | Killed a two-headed ogre
  7472 | D:9      | Reached skill level 11 in Long Blades
  7702 | D:9      | Found Lyxzayn's Distillery.
  7716 | D:9      | Bought a potion of resistance for 160 gold pieces
  7716 | D:9      | Bought a potion of resistance for 160 gold pieces
  7990 | D:10     | Entered Level 10 of the Dungeon
  8135 | D:10     | Noticed a two-headed ogre
  8140 | D:10     | Killed a two-headed ogre
  8140 | D:10     | Reached skill level 12 in Long Blades
  8140 | D:10     | Reached XP level 11. HP: 99/99 MP: 10/10
  8141 | D:10     | Noticed Caerwyn's ghost (journeyman GnNe)
  8153 | D:10     | Killed Caerwyn's ghost
  8323 | D:10     | Reached ***** piety under Trog
  8563 | D:10     | Reached skill level 13 in Long Blades
  9118 | D:11     | Noticed Caerwyn's ghost (journeyman GnWn)
  9138 | D:11     | Killed Caerwyn's ghost
  9138 | D:11     | Reached skill level 14 in Long Blades
  9665 | D:11     | Received a gift from Trog
  9700 | D:11     | Reached skill level 15 in Long Blades
  9744 | D:11     | Found a stormy altar of Qazlal.
  9791 | D:11     | Noticed Harold
  9791 | D:11     | Noticed a seven-headed hydra
  9797 | D:11     | Killed a five-headed hydra
  9814 | D:11     | Killed from afar by Harold

Vault maps used:
D:1:      kb_arrival_jail
D:2:      chequers_ecumenical_altar_island, minmay_fountain_box
D:4:      minmay_temple_entry_large_hall, first_ration
D:5:      minitemple, cheibrodos_sewer_entry_sluice,
          cheibrodos_ashenzari_chains, uniq_sigmund, uniq_ijyb
D:6:      kennysheep_little_box, uniq_eustachio, uniq_crazy_yiuf_cottage
D:7:      grunt_temple_overflow_open, the_bakery
D:8:      lair_entry_dummy, uniq_gastronok
D:9:      serial_shops, shop_fountains
D:11:     special_room, nicolae_qazlal_eye_of_the_storm, uniq_harold
Sewer:    sewer_frog_island_01

Skill      XL: |  1  2  3  4  5  6  7  8  9 10 11 |
---------------+----------------------------------+-----
Maces & Flails | 1 2 3 4 |  4.7
Fighting       | 4 5 6 7 8 9 |  9.9
Armour         | 3 4 5 7 8 9 |  9.4
Dodging        | 3 4 5 6 7 8 |  8.7
Long Blades    | 4 7 9 12 15 | 15.9

Action                   |  1- 3 |  4- 6 |  7- 9 | 10-12 || total
-------------------------+-------+-------+-------+-------++-------
Melee: Mace              |    41 |    76 |       |       ||   117
       Headbutt          |     4 |    17 |    24 |    55 ||   100
       Falchion          |     1 |       |       |       ||     1
       Flail             |       |    24 |    59 |       ||    83
       Unarmed           |       |       |    15 |       ||    15
       Double sword      |       |       |    98 |   271 ||   369
Invok: Berserk           |       |     1 |     1 |     3 ||     5
  Use: Scroll            |       |       |     9 |     5 ||    14
 Stab: Sleeping          |       |     4 |     1 |       ||     5
       Distracted        |       |     1 |       |       ||     1
  Eat: Chunk             |     1 |     6 |    11 |    12 ||    30
       Ration            |       |       |       |     1 ||     1
Armor: Animal skin       |     5 |    16 |       |       ||    21
       Ring mail         |       |    14 |    26 |       ||    40
       Chain mail        |       |       |    33 |    96 ||   129
Dodge: Dodged            |    39 |    78 |   126 |   191 ||   434
       Rpst.: Double sword |       |       |    12 |    45 ||    57

Table legend:
 A = Spawn XP
 B = Non-spawn XP
 C = Spawn XP percentage of total XP
 D = Spawn monster count
 E = Non-spawn monster count
 F = Spawn count percentage of total count
 G = Total turns spent on level
                    A         B        C        D         E        F      G
               +---------+---------+-------+---------+---------+-------+---------
         Total |       0 |   21383 |   0.0 |       0 |     289 |   0.0 |  9814
               +---------+---------+-------+---------+---------+-------+---------
           D:1 |       0 |      38 |   0.0 |       0 |      17 |   0.0 |   778
           D:2 |       0 |      74 |   0.0 |       0 |      16 |   0.0 |   837
           D:3 |       0 |     235 |   0.0 |       0 |      30 |   0.0 |   714
           D:4 |       0 |     392 |   0.0 |       0 |      12 |   0.0 |   652
           D:5 |       0 |     838 |   0.0 |       0 |      23 |   0.0 |   807
           D:6 |       0 |     812 |   0.0 |       0 |      15 |   0.0 |   861
           D:7 |       0 |     611 |   0.0 |       0 |       9 |   0.0 |   811
           D:8 |       0 |    2859 |   0.0 |       0 |      15 |   0.0 |  1098
           D:9 |       0 |    4002 |   0.0 |       0 |      33 |   0.0 |   968
          D:10 |       0 |    4142 |   0.0 |       0 |      46 |   0.0 |  1105
          D:11 |       0 |    7136 |   0.0 |       0 |      54 |   0.0 |   719
         Sewer |       0 |     244 |   0.0 |       0 |      19 |   0.0 |   464
               +---------+---------+-------+---------+---------+-------+---------
